 Dungeon Crawl Stone Soup version 0.25.1-2-g60ff931df9 (webtiles) character file.

Game seed: 4138799672514884654

126 DearestLeader the Skirmisher (level 4, -5/37 HPs)
             Began as a Demonspawn Gladiator on Nov 3, 2020.
             Slain by an ogre
             ... wielding a +0 giant club
              (21 damage)
             ... on level 4 of the Dungeon.
             The game lasted 00:02:56 (2345 turns).

DearestLeader the Skirmisher (Demonspawn Gladiator) Turns: 2345, Time: 00:02:57

Health: -5/37      AC: 10    Str: 15    XL:     4   Next: 83%
Magic:  4/4        EV:  7    Int: 10    God:
Gold:   145        SH:  0    Dex: 14    Spells: 3/3 levels left

rFire    . . .     SeeInvis .   p - +2 dagger (venom)
rCold    . . .     Gourm    .   (no shield)
rNeg     . . .     Faith    .   m - +0 chain mail
rPois    .         Spirit   .   (helmet restricted)
rElec    .         Reflect  .   (no cloak)
rCorr    .         Harm     .   h - +0 pair of gloves
MR       .....                  (no boots)
Stlth    ..........             (no amulet)
HPRegen  0.12/turn              (no ring)
MPRegen  0.09/turn              (no ring)

@: no status effects
A: antennae 2, rot immunity
a: no special abilities


You were on level 4 of the Dungeon.
You were hungry.

You visited 1 branch of the dungeon, and saw 4 of its levels.

You collected 145 gold pieces.

Inventory:

Hand Weapons
 a - a +0 war axe
 p - a +2 dagger of venom (weapon)
Missiles
 d - 3 throwing nets (quivered)
Armour
 b - a +0 leather armour
 c - a +0 helmet
 g - a +0 scale mail
 h - a +0 pair of gloves (worn)
 m - a +0 chain mail (worn)
Scrolls
 j - 5 scrolls of identify {unknown}
 k - 2 scrolls of magic mapping {unknown}
 n - 4 scrolls of teleportation {unknown}
 o - 2 scrolls of fog {unknown}
 q - a scroll of immolation {unknown}
 t - a scroll of noise {unknown}
Potions
 e - a potion of heal wounds {unknown}
 i - 2 potions of berserk rage {unknown}
 l - 2 potions of stabbing {unknown}
 r - a potion of mutation {unknown}
 s - a potion of ambrosia {unknown}
 u - a potion of haste {unknown}
 v - a potion of curing {unknown}
Comestibles
 f - 11 rations


   Skills:
 + Level 3.7 Fighting
 - Level 2.6 Axes
 - Level 1.7 Throwing
 + Level 2.6 Armour
 - Level 3.0 Dodging


You had 3 spell levels left.
You didn't know any spells.
Your spell library was empty.

Dungeon Overview and Level Annotations

Branches:
Dungeon (4/15)
 Temple: D:4-7

Altars:

Annotations:
D:3 2 transporters, Hatywr's ghost, amateur HuFi


Innate Abilities, Weirdness & Mutations

You have a pair of antennae on your head.
You are immune to rotting.


Message History

There is a stone staircase leading up here.
Found an escape hatch in the floor.
f - 10 rations (gained 1)
You now have 133 gold pieces (gained 13).
n - 4 scrolls labeled TUAMEOLADA (gained 1)
Found 22 arrows.
Found a stone staircase leading down.
f - 11 rations (gained 1)
You now have 145 gold pieces (gained 12).
Found a scale mail.
An ogre comes into view. It is wielding a +0 giant club.
The ogre shouts!
Found a stone staircase leading down.
You hit the ogre.
The ogre is poisoned.
The ogre is lightly wounded.
The ogre hits you with a +0 giant club!!
Ouch! That really hurt!
The ogre hits you with a +0 giant club!!
Ouch! That really hurt!
You die...

.. ##.### #.
#.... #.##..#
#.#...#
#...#.#
#....###
#.>.....#..>.#
#.#######.O..#
#...@.#
#.#...##
...#...(#
..####.#..# ##
#.#..# #....##
##....# #..#.#
#..#.#


You could see an ogre (poisoned).

Vanquished Creatures
  6 adders
  2 oozes (D:2)
  A worm (D:3)
  4 dart slugs
  2 orcs
  A giant cockroach (D:1)
  9 goblins
  6 hobgoblins
  2 jackals (D:2)
  A quokka (D:3)
  5 bats
  2 frilled lizards (D:1)
  6 kobolds
  3 rats
50 creatures vanquished.

Notes
Turn   | Place    | Note
-------+----------+-------------------------------------------
     0 | D:1      | DearestLeader the Demonspawn Gladiator began the quest for
                  | the Orb.
     0 | D:1      | Reached XP level 1. HP: 16/16 MP: 1/1
   162 | D:1      | Gained mutation: You have a pair of small antennae on your
                  | head. [demonic ancestry]
   162 | D:1      | Reached XP level 2. HP: 23/23 MP: 2/2
   362 | D:1      | Reached skill level 1 in Armour
   550 | D:1      | Gained mutation: You have a pair of antennae on your head.
                  | [demonic ancestry]
   550 | D:1      | Reached XP level 3. HP: 28/28 MP: 3/3
  1068 | D:2      | Gained mutation: You are immune to rotting. [demonic
                  | ancestry]
  1068 | D:2      | Reached XP level 4. HP: 31/35 MP: 4/4
  1744 | D:3      | Found a transporter.
  1744 | D:3      | Noticed Hatywr's ghost (amateur HuFi)
  1745 | D:3      | Found a transporter.
  2336 | D:4      | Noticed an ogre
  2345 | D:4      | Slain by an ogre

Illustrated notes

Levels and vault maps discovered:
D:1:      nzn_arrival_settlement, layout_loops_ring
D:2:      layout_loops_ring, first_ration
D:3:      layout_loops_ring, gammafunk_ghost_mausoleum
D:4:      layout_rooms, minivault_26, uniq_sigmund, uniq_crazy_yiuf_cottage

Skill      XL: |  1  2  3 |
---------------+----------+-----
Dodging        | 3 |  3.0
Armour         | 1 2 |  2.6
Fighting       | 3 |  3.7
Axes           | |  2.6
Throwing       | |  1.7

Action                   |  1- 3 |  4- 6 || total
-------------------------+-------+-------++-------
Melee: War axe           |    39 |       ||    39
       Dagger            |    51 |    69 ||   120
  Eat: Chunk             |     1 |     3 ||     4
Armor: Scale mail        |    11 |       ||    11
       Chain mail        |    45 |    40 ||    85
Dodge: Dodged            |    42 |    26 ||    68
